 Dungeon Crawl Stone Soup version 0.28-a0-1477-g273aa18710 (webtiles) character file.

Game seed: 16938850968657369097

6261 Delamore the Spear-Bearer (level 11, -3/86 HPs)
             Began as a Formicid Fighter on Jan 11, 2022.
             Was an Initiate of Gozag.
             Slain by a black mamba (14 damage)
             ... on level 1 of the Lair of Beasts.
             The game lasted 00:16:32 (14460 turns).

Delamore the Spear-Bearer (Formicid Fighter)       Turns: 14460, Time: 00:16:32

Health: -3/86      AC: 13    Str: 24    XL:     11   Next: 15%
Magic:  11/11      EV: 11    Int: 15    God:    Gozag
Gold:   1360       SH: 11    Dex: 10    Spells: 10/10 levels left

rFire   . . .      SeeInvis +   w - +1 spear (venom)
rCold   + . .      Faith    .   i - +1 kite shield
rNeg    . . .      Spirit   .   B - +1 chain mail {rC+}
rPois   .          Reflect  .   (helmet unavailable)
rElec   .          Harm     .   k - +0 cloak
rCorr   .          Rampage  .   b - +0 pair of gloves
Will    +....                   s - +0 pair of boots
Stlth   ..........              (no amulet)
HPRegen 0.24/turn               l - +4 ring of evasion
MPRegen 0.12/turn               p - +6 ring of intelligence

@: studying Stealth
A: permanent stasis, dig shafts and tunnels, antennae 3, four strong arms
a: Dig, Shaft Self, Renounce Religion, Potion Petition, Call Merchant, Bribe
Branch


You were on level 1 of the Lair of Beasts.
You worshipped Gozag.
Gozag was most pleased with you.
You visited 3 branches of the dungeon, and saw 10 of its levels.
You also visited: Sewer.

You collected 1708 gold pieces.
You paid 348 gold pieces to Gozag.

Inventory:

Hand Weapons
 a - a +4 halberd
 w - a +1 spear of venom (weapon)
Missiles
 h - 41 poisoned darts (quivered)
 o - 4 throwing nets
 y - 7 boomerangs
 G - 4 curare-tipped darts
Armour
 b - a +0 pair of gloves (worn)
 i - a +1 kite shield (worn)
 k - a +0 cloak (worn)
 s - a +0 pair of boots (worn)
 B - a +1 chain mail of cold resistance (worn)
Jewellery
 l - a +4 ring of evasion (left hand)
 p - a +6 ring of intelligence (right hand)
Wands
 c - a wand of iceblast (8)
 f - a wand of charming (3)
 m - a wand of mindburst (7)
Scrolls
 g - 4 scrolls of noise
 n - 2 scrolls of magic mapping
 q - 3 scrolls of teleportation
 x - a scroll of enchant armour
 E - a scroll of amnesia
 H - a scroll of fear
Potions
 d - a potion of might
 e - 2 potions of haste {unknown}
 j - a potion of brilliance
 r - a potion of flight {unknown}
 t - a potion of cancellation {unknown}
 u - 3 potions of lignification
 v - a potion of invisibility {unknown}
 z - a potion of curing
 A - 2 potions of heal wounds
 C - 2 potions of magic {unknown}
 D - a potion of resistance {unknown}
 F - a potion of experience {unknown}


   Skills:
 + Level 8.3 Fighting
 - Level 12.3 Polearms
 - Level 2.5 Throwing
 - Level 3.2 Armour
 - Level 2.7 Dodging
 + Level 9.0 Shields


You had 10 spell levels left.
You didn't know any spells.
Your spell library contained the following spells:

 Spells                   Type           Power      Damage    Failure   Level
 Apportation              Tloc           0%         N/A       98%         1
 Foxfire                  Conj/Fire      0%         2x1d4     98%         1
 Shock                    Conj/Air       0%         1d3       98%         1
 Static Discharge         Conj/Air       0%         N/A       99%         2
 Dispel Undead            Necr           0%         3d6       100%        4
 Sticky Flame             Conj/Fire      0%         2d3       100%        4


Dungeon Overview and Level Annotations

Branches:
Dungeon (8/15)             Temple (1/1) D:4            Lair (1/6) D:8
  Sewer (visited)

Altars:
Ashenzari
Cheibriados
Elyvilon
Gozag
Hepliaklqana
Nemelex Xobeh
Okawaru
Sif Muna
Trog
Uskayaw
Vehumet
Wu Jian
Yredelemnul
The Shining One

Shops:
D:6 *

Annotations:
D:7 2 transporters, Deminshera's ghost, novice DsMo


Innate Abilities, Weirdness & Mutations

You cannot be hasted, slowed, berserked, paralysed or teleported.
You can dig through walls and to a lower floor.
You have a pair of large antennae on your head. (SInv)
Your four strong arms can wield two-handed weapons with a shield.


Message History

The black mamba barely misses you. You block the water moccasin's attack.
You block the black mamba's attack. The black mamba bites you.
* * * LOW HITPOINT WARNING * * *
The water moccasin bites you.
* * * LOW HITPOINT WARNING * * *
You block the black mamba's attack.
You barely miss the black mamba.
The black mamba is severely wounded.
The black mamba bites you but does no damage.
You block the water moccasin's attack.
You hit the black mamba.
The black mamba is almost dead.
The black mamba misses you.
The water moccasin bites you but does no damage.
You barely miss the black mamba.
The black mamba is almost dead.
The black mamba bites you!
* * * LOW HITPOINT WARNING * * *
You are lethally poisoned!
The black mamba poisons you! The water moccasin barely misses you.
You feel better. The black mamba bites you!
* * * LOW HITPOINT WARNING * * *
You are lethally poisoned!
The black mamba poisons you!
The black mamba bites you but does no damage.
You block the water moccasin's attack.
You feel better.
The black mamba bites you but does no damage.
The water moccasin closely misses you.
The black mamba bites you but does no damage.
You barely miss the black mamba.
The black mamba is almost dead.
The water moccasin bites you.
* * * LOW HITPOINT WARNING * * *
The black mamba bites you!
* * * LOW HITPOINT WARNING * * *
You feel better. The black mamba bites you!
You die...
Your body crumbles into a pile of gold.

..####$.## ...... .....>..$##
#..# ...... ........#.# #..##
#..... .##.#...### #... #....
.#####..## #..# #..# ..# #...#
####..####..#
.#####..######..#..#.#P..#
..#P#............S.......# #
................@S.......####.#..
........######....##P##..........
.##P##..## #..#######..........
.#####...# #...# ##..P#####..
.### #..## ###.. # #P..##
...###..###.##..#######..#
.........................#
.........................#
.#.##..........######.#..#


You could see a black mamba (poisoned) and a water moccasin.

Vanquished Creatures
  Pikel (D:4)
  Psyche (D:8)
  7 yaks
  A steam dragon (D:8)
  The ghost of wpisznazwe the Sneak, an amateur SpEn (D:3)
  2 black bears
  2 orc warriors
  3 ogres
  6 ice beasts
  A centaur (D:7)
  A phantom (D:4)
  A kobold brigand (Sewer)
  A wyvern zombie (D:8)
  5 bullfrogs
  3 scorpions
  A wyvern skeleton (D:6)
  6 killer bees (D:6)
  A water moccasin skeleton (D:6)
  3 wights
  A howler monkey (D:8)
  A bullfrog zombie (D:7)
  2 centaur zombies
  4 hounds
  A jelly (D:7)
  3 gnoll shamans
  2 orc priests
  A centaur skeleton (D:6)
  2 scorpion zombies
  Crazy Yiuf (D:3)
  A bullfrog skeleton (D:6)
  6 iguanas
  9 orc wizards
  A killer bee zombie (D:6)
  A hound zombie (D:5)
  A howler monkey zombie (D:7)
  9 adders
  25 gnolls
  A howler monkey skeleton (D:4)
  2 river rats
  A shadow imp (D:6)
  4 white imps
  An ufetubus (D:5)
  An adder skeleton (D:4)
  8 worms
  The ghost of paps the Sneak, a weakling OpDe (D:5)
  2 dart slugs (D:1)
  21 orcs
  16 endoplasms
  5 giant cockroaches
  11 goblins
  8 hobgoblins
  4 jackals
  16 kobolds
  8 quokkas
  7 ball pythons
  4 bats
  A frilled lizard (D:1)
  7 rats
247 creatures vanquished.

Vanquished Creatures (others)
  An orc (D:8)
  8 fungi
  13 plants
  2 withered plants (D:5)
24 creatures vanquished.

Grand Total: 271 creatures vanquished

Notes
Turn   | Place    | Note
-------+----------+-------------------------------------------
     0 | D:1      | Delamore the Formicid Fighter began the quest for the Orb.
     0 | D:1      | Reached XP level 1. HP: 18/18 MP: 1/1
    33 | D:1      | Found a faded altar of an unknown god.
   115 | D:1      | Reached XP level 2. HP: 24/24 MP: 2/2
   159 | D:1      | Reached skill level 1 in Dodging
   184 | D:1      | Reached XP level 3. HP: 24/29 MP: 3/3
   927 | D:2      | Reached skill level 3 in Polearms
  1169 | D:2      | Reached XP level 4. HP: 25/35 MP: 4/4
  1308 | D:2      | Reached skill level 1 in Throwing
  2037 | D:3      | Reached XP level 5. HP: 18/41 MP: 5/5
  2321 | D:3      | Found a transporter.
  2369 | D:3      | Found a transporter.
  3081 | D:3      | Found a runed translucent door.
  3082 | D:3      | Noticed Crazy Yiuf
  3091 | D:3      | Killed Crazy Yiuf
  3092 | D:3      | Reached XP level 6. HP: 19/47 MP: 6/6
  3318 | D:4      | Reached skill level 4 in Polearms
  3343 | D:4      | Found a staircase to the Ecumenical Temple.
  3352 | Temple   | Entered the Ecumenical Temple
  3393 | Temple   | Became a worshipper of Gozag Ym Sagoz the Greedy
  3451 | D:4      | Reached skill level 5 in Polearms
  3555 | D:4      | Found a glowing drain.
  3826 | Sewer    | Entered a sewer
  3884 | Sewer    | Reached XP level 7. HP: 50/51 MP: 7/7
  4522 | Sewer    | Reached skill level 6 in Polearms
  5659 | D:4      | Found a bloodstained altar of Trog.
  5802 | D:4      | Found an ornate altar of the Wu Jian Council.
  6191 | D:5      | Entered Level 5 of the Dungeon
  6251 | D:5      | Reached skill level 7 in Polearms
  6251 | D:5      | Reached XP level 8. HP: 41/58 MP: 8/8
  6560 | D:5      | Reached skill level 8 in Polearms
  6819 | D:5      | Reached skill level 9 in Polearms
  7240 | D:5      | Noticed Pikel
  7306 | D:4      | Killed Pikel
  7307 | D:4      | Reached skill level 10 in Polearms
  7307 | D:4      | Reached XP level 9. HP: 14/64 MP: 9/9
  7625 | D:5      | Found a runed translucent door.
  7625 | D:5      | Noticed paps's ghost (weakling OpDe)
  7989 | D:5      | Killed paps's ghost
  8133 | D:3      | Noticed wpisznazwe's ghost (amateur SpEn)
  8176 | D:3      | Killed wpisznazwe's ghost
  8177 | D:3      | Reached skill level 11 in Polearms
  9579 | D:6      | Reached skill level 12 in Polearms
  9673 | D:6      | Found a hide-covered altar of Uskayaw.
  9781 | D:6      | Found Kutha's Fire Supplies.
 10154 | D:6      | Reached XP level 10. HP: 70/70 MP: 10/10
 10774 | D:7      | Found a sparkling altar of Nemelex Xobeh.
 10843 | D:7      | Found a broken altar of Ashenzari.
 10942 | D:7      | Reached skill level 5 in Shields
 11131 | D:7      | Found a transporter.
 11138 | D:7      | Noticed Deminshera's ghost (novice DsMo)
 11138 | D:7      | Noticed a two-headed ogre
 11139 | D:7      | Found a bloodstained altar of Trog.
 11140 | D:7      | Noticed a moth of wrath
 11306 | D:7      | Reached skill level 5 in Fighting
 11324 | D:7      | Found a transporter.
 12591 | D:8      | Noticed Psyche
 12600 | D:8      | Killed Psyche
 13316 | D:8      | Found a staircase to the Lair.
 13763 | D:8      | Found a shimmering blue altar of Sif Muna.
 13893 | D:8      | Got Sif Muna's Reference Book on Battle Magic
 13895 | D:8      | Got Sif Muna's Disquisition on Confrontation
 13898 | D:8      | Got Sif Muna's Reference Book on Translocation
 13929 | Lair:1   | Entered Level 1 of the Lair of Beasts
 14024 | Lair:1   | Reached XP level 11. HP: 58/83 MP: 11/11
 14460 | Lair:1   | Slain by a black mamba

Illustrated notes

Levels and vault maps discovered:
D:1:      lightli_arrival_flooded_house, layout_rooms,
          ebering_ecumenical_altar_petrified
D:2:      minmay_evil_eye, layout_loops_ring
D:3:      layout_loops_ring, gammafunk_ghost_gnarly_gnolls,
          uniq_crazy_yiuf_cottage
D:4:      layout_loops_ring, kennysheep_little_box,
          nicolae_overflow_hidden_temple, minmay_temple_entry_wispy,
          gup_sewer_entry_bubbles
D:5:      layout_gridville, gammafunk_ghost_grave, hangedman_decor_points,
          uniq_pikel
D:6:      layout_loops_ring, nicolae_uskayaw_murder_on_the_dancefloor,
          serial_bayou_pond_d, nicolae_shop_fire_sale [nicolae_sub_dead_trees]
D:7:      layout_loops_corners, nicolae_ashenzari_panopticon,
          mainiacjoe_overflow_chevrons, gammafunk_ghost_wrathful_warriors
D:8:      layout_basic, nicolae_sif_muna_little_library,
          grunt_lair_entry_orc_guard_hut, uniq_psyche
Temple:   jpeg_temple_clearing
Lair:1:   layout_small_grid, uniq_fannar

Skill      XL: |  1  2  3  4  5  6  7  8  9 10 11 |
---------------+----------------------------------+-----
Dodging        | 1 2 |  2.7
Polearms       | 3 5 7 10 12 | 12.3
Throwing       | 1 2 |  2.5
Shields        | 8 9 |  9.0
Fighting       | 7 8 |  8.3
Armour         | |  3.2

Action                   |  1- 3 |  4- 6 |  7- 9 | 10-12 || total
-------------------------+-------+-------+-------+-------++-------
Melee: Trident           |    83 |   193 |   489 |       ||   765
       Dagger            |    33 |    79 |       |       ||   112
       Spear             |       |       |   136 |   440 ||   576
Throw: Dart              |       |       |     5 |       ||     5
Invok: Potion Petition   |       |       |     1 |       ||     1
 Abil: Dig               |       |     1 |     2 |     2 ||     5
  Use: Scroll            |     3 |     1 |     4 |     6 ||    14
       Potion            |       |       |     7 |     4 ||    11
Armor: Scale mail        |    53 |    59 |   133 |    22 ||   267
       Chain mail        |       |       |       |    59 ||    59
Dodge: Dodged            |    49 |   113 |   245 |   101 ||   508
Block: Buckler           |     9 |       |       |       ||     9
       Kite shield       |    22 |   127 |   214 |   121 ||   484

Table legend: (Time is in decaauts)
 A = Elapsed time spent in this place.
 B = Non-inter-level travel time spent in this place.
 C = Inter-level travel time spent in this place.
 D = Time resting spent in this place.
 E = Time spent auto-exploring this place.
 F = Levels seen in this place.
 G = Mean time per level.
                   A        B        C        D        E       F      G
               +--------+--------+--------+--------+--------+-----+--------+
         Total |  14549 |  13725 |    824 |   2773 |   8312 |  11 | 1322.6 |
       Dungeon |  12578 |  11769 |    809 |   2250 |   7382 |   8 | 1572.2 |
        Temple |    239 |    224 |     15 |    178 |      0 |   1 |  239.0 |
          Lair |    492 |    492 |      0 |    198 |    182 |   1 |  492.0 |
         Sewer |   1239 |   1239 |      0 |    147 |    748 |   1 | 1239.0 |
               +--------+--------+--------+--------+--------+-----+--------+

Top non-repeatable levels by time:
     D:3: 2459 daAuts
     D:4: 2232 daAuts
     D:7: 1718 daAuts
     D:6: 1608 daAuts
     D:8: 1435 daAuts
     D:5: 1375 daAuts
   Sewer: 1239 daAuts
     D:2: 1040 daAuts
     D:1: 709 daAuts
  Lair:1: 492 daAuts
  Temple: 239 daAuts
